 Dungeon Crawl Stone Soup version 0.29-a0-582-ge82337b (webtiles) character file.

Game seed: 9046782174892162976

19 Dawnplanks the Sneak (level 2, -2/22 HPs)
             Began as a Vampire Brigand on June 14, 2022.
             Slain by Terence
             ... wielding a +0 flail
              (7 damage)
             ... on level 2 of the Dungeon.
             The game lasted 00:02:04 (944 turns).

Dawnplanks the Sneak (Vampire Brigand)               Turns: 944, Time: 00:02:05

Health: -2/22      AC:  6    Str: 10    XL:     2   Next: 55%
Magic:  2/2        EV: 12    Int: 13    God:
Gold:   52         SH:  0    Dex: 15    Spells: 1/1 levels left

rFire   . . .      SeeInvis +   a - +2 dagger
rCold   . . .      Faith    .   (no shield)
rNeg    . . .      Spirit   .   b - +0 robe
rPois   +          Reflect  .   (no helmet)
rElec   .          Harm     .   c - +0 cloak
rCorr   .          Rampage  .   (no gloves)
Will    .....                   f - +2 pair of boots
Stlth   +++.......              (no amulet)
HPRegen 0.27/turn               (no ring)
MPRegen 0.08/turn               (no ring)

@: healing quickly, hasted, very quick
A: alive, fangs 3, see invisible, vampiric 1, poison resistance
a: Exsanguinate


You were on level 2 of the Dungeon.
You visited 1 branch of the dungeon, and saw 2 of its levels.

You collected 52 gold pieces.

Inventory:

Hand Weapons
 a - a +2 dagger (weapon)
 p - a +0 short sword
Missiles
 d - 9 poisoned darts (quivered)
 e - 3 curare-tipped darts
Armour
 b - a +0 robe (worn)
 c - a +0 cloak (worn)
 f - a +2 pair of boots (worn)
Scrolls
 h - a scroll of blinking {unknown}
 i - a scroll of summoning {unknown}
 j - a scroll of teleportation {unknown}
 k - a scroll of immolation {unknown}
 n - a scroll of fear {unknown}
 o - a scroll of amnesia {unknown}
 q - a scroll of enchant armour {unknown}
Potions
 g - a potion of haste
 l - a potion of curing
 m - a potion of mutation


   Skills:
 + Level 1.7 Fighting
 * Level 2.5 Short Blades
 - Level 1.5 Throwing
 + Level 1.2 Dodging
 * Level 6.8 Stealth


You had one spell level left.
You didn't know any spells.
Your spell library was empty.

Dungeon Overview and Level Annotations

Branches:
Dungeon (2/15)

Altars:

Annotations:
D:2 Terence


Innate Abilities, Weirdness & Mutations

Your natural rate of healing is accelerated.
You have razor-sharp teeth.
You have supernaturally acute eyesight. (SInv)
You are afflicted with vampirism.
Your system is resistant to poisons. (rPois)


Message History

The adder barely misses you. Terence hits you with a +0 flail.
The frilled lizard bites you but does no damage.
The goblin hits you but does no damage.
You hit Terence but do no damage. Your bite misses Terence.
Terence is heavily wounded.
The adder bites you but does no damage. The frilled lizard barely misses you.
The goblin hits you but does no damage. Terence barely misses you.
You hit Terence but do no damage.
Terence is heavily wounded.
The adder closely misses you. Terence barely misses you.
The frilled lizard barely misses you. The goblin barely misses you.
The frilled lizard unfolds its giant frill.
You hit Terence but do no damage.
Terence is heavily wounded.
The adder closely misses you.
The frilled lizard bites you but does no damage.
The goblin hits you but does no damage. Terence hits you with a +0 flail.
The adder misses you.
You hit Terence. You bite Terence, but do no damage.
Terence is heavily wounded.
The adder bites you but does no damage. The frilled lizard closely misses you.
The goblin hits you but does no damage. Terence closely misses you.
You hit Terence but do no damage.
Terence is heavily wounded.
The adder bites you but does no damage.
You hit Terence but do no damage.
Terence is heavily wounded.
Terence hits you with a +0 flail.
* * * LOW HITPOINT WARNING * * *
The frilled lizard closely misses you. The goblin closely misses you.
The adder closely misses you.
It was a potion of haste.
You feel yourself speed up. The adder closely misses you.
Terence barely misses you. The frilled lizard misses you.
The goblin hits you with a +0 club.
* * * LOW HITPOINT WARNING * * *
It was a potion of mutation.
You feel extremely strange.
You feel resistant to poisons. The adder bites you but does no damage.
The frilled lizard barely misses you. The goblin hits you but does no damage.
Terence hits you with a +0 flail!
You die...

..#........... ..
............. . ...
#.#.......... ..
S..###.#..........
........#..##...<....
............#<# ...
..... #.......#.....
.....l###...........
.....S@@g.#.........
......Sl†##........#
.........##....?...#
....................
##.....##.##".......
#...... .##...g...#
#...... ..##.......#
#...... #.


You could see Terence, an adder, a goblin, a ball python and 2 frilled lizards.

Vanquished Creatures
  An endoplasm (D:1)
  A hobgoblin (D:1)
  2 kobolds (D:1)
  A quokka (D:1)
  4 ball pythons
  2 bats (D:1)
  3 frilled lizards (D:1)
  A goblin (D:1)
  5 rats (D:1)
20 creatures vanquished.

Notes
Turn   | Place    | Note
-------+----------+-------------------------------------------
     0 | D:1      | Dawnplanks the Vampire Brigand began the quest for the Orb.
     0 | D:1      | Reached XP level 1. HP: 16/16 MP: 1/1
    25 | D:1      | Reached skill level 6 in Stealth
   118 | D:1      | Reached XP level 2. HP: 22/22 MP: 2/2
   916 | D:2      | Noticed Terence
   944 | D:2      | Gained mutation: Your system is resistant to poisons.
                  | (rPois) [potion of mutation]
   944 | D:2      | Slain by Terence

Illustrated notes

Levels and vault maps discovered:
D:1:      dpeg_arrival_rooms_c, layout_loops_corners, corexii_corridor_pit,
          dreamdust_princess_bridge, minmay_vboxes
D:2:      layout_rooms, chequers_ecumenical_altar_island, basic_altar,
          minmay_quadrilaterals, uniq_jessica, uniq_terence

Skill      XL: |  1 |
---------------+----+-----
Stealth        | 6 |  6.8
Fighting       | |  1.7
Short Blades   | |  2.5
Throwing       | |  1.5
Dodging        | |  1.2

Action                   || total
-------------------------++-------
Melee: Dagger            ||    47
       Bite              ||     3
  Use: Potion            ||     3
 Stab: Sleeping          ||    12
Armor: Robe              ||    21
Dodge: Dodged            ||    52

Table legend: (Time is in decaauts)
 A = Elapsed time spent in this place.
 B = Non-inter-level travel time spent in this place.
 C = Inter-level travel time spent in this place.
 D = Time resting spent in this place.
 E = Time spent auto-exploring this place.
 F = Levels seen in this place.
 G = Mean time per level.
                   A        B        C        D        E       F      G
               +--------+--------+--------+--------+--------+-----+--------+
         Total |    938 |    902 |     36 |      0 |    769 |   2 |  469.0 |
       Dungeon |    938 |    902 |     36 |      0 |    769 |   2 |  469.0 |
               +--------+--------+--------+--------+--------+-----+--------+

Top non-repeatable levels by time:
     D:1: 912 daAuts
     D:2: 25 daAuts
